 Dungeon Crawl Stone Soup version 0.29-a0-364-g921d912d32 (webtiles) character file.

Game seed: 1288013776755550690

32 ptdevnull the Chopper (level 3, 0/33 HPs)
             Began as a Hill Orc Monk on Apr 30, 2022.
             Succumbed to an adder's poison
             ... on level 2 of the Dungeon.
             The game lasted 00:01:41 (1091 turns).

ptdevnull the Chopper (Hill Orc Monk)               Turns: 1091, Time: 00:01:41

Health: 0/33       AC:  2    Str: 15    XL:     3   Next: 25%
Magic:  3/3        EV: 12    Int: 10    God:
Gold:   135        SH:  0    Dex: 13    Spells: 2/2 levels left

rFire   . . .      SeeInvis .   a - +0 hand axe
rCold   . . .      Faith    .   (no shield)
rNeg    . . .      Spirit   .   b - +0 robe
rPois   .          Reflect  .   (no helmet)
rElec   .          Harm     .   (no cloak)
rCorr   .          Rampage  .   (no gloves)
Will    .....                   (no boots)
Stlth   ++........              (no amulet)
HPRegen 0.11/turn               (no ring)
MPRegen 0.08/turn               (no ring)

@: lethally poisoned (0 -> -3)
A: no striking features
a: no special abilities


You were on level 2 of the Dungeon.
You visited 1 branch of the dungeon, and saw 2 of its levels.

You collected 135 gold pieces.

Inventory:

Hand Weapons
 a - a +0 hand axe (weapon)
Armour
 b - a +0 robe (worn)
Scrolls
 e - a scroll of teleportation {unknown}
 f - a scroll of fog {unknown}
 g - a scroll of enchant armour {unknown}
 i - 2 scrolls of identify {unknown}
Potions
 c - a potion of ambrosia
 d - a potion of heal wounds {unknown}
 h - a potion of berserk rage {unknown}
 j - a potion of degeneration {unknown}
 k - 2 potions of cancellation {unknown}
 l - a potion of attraction {unknown}


   Skills:
 - Level 3.7 Fighting
 + Level 5.5 Axes
 - Level 2.4 Dodging
 - Level 1.6 Stealth


You had 2 spell levels left.
You didn't know any spells.
Your spell library was empty.

Dungeon Overview and Level Annotations

Branches:
Dungeon (2/15)

Altars:


Message History

The adder is lightly wounded.
You feel sick. The adder barely misses you.
You are too injured to fight recklessly!
You are too injured to fight recklessly!
You are too injured to fight recklessly!
You are too injured to fight recklessly!
You barely miss the adder.
The adder is lightly wounded.
You feel sick. The adder barely misses you.
You hit the adder but do no damage.
The adder is lightly wounded.
You feel sick. The adder bites you. x2
* * * LOW HITPOINT WARNING * * *
You are lethally poisoned!
The adder poisons you!
You hit the adder but do no damage.
The adder is lightly wounded.
* * * LOW HITPOINT WARNING * * *
You feel sick. The adder misses you.
You hit the adder.
The adder is moderately wounded.
* * * LOW HITPOINT WARNING * * *
You feel sick. The adder bites you but does no damage.
You hit the adder but do no damage.
The adder is moderately wounded.
* * * LOW HITPOINT WARNING * * *
You feel sick. The adder barely misses you.
You completely miss the adder.
The adder is moderately wounded.
* * * LOW HITPOINT WARNING * * *
You feel sick. The adder bites you.
* * * LOW HITPOINT WARNING * * *
The adder bites you but does no damage.
You barely miss the adder.
The adder is moderately wounded.
* * * LOW HITPOINT WARNING * * *
You feel sick. The adder misses you.
You hit the adder.
The adder is heavily wounded.
You die...

#.....#...#......# ...
........#.#.)....# ....
........#........#####....
.................#..?.....
.........#.......#........
.........#....####.†......
..#'##+#..>...............
.##'##.#..................
...............S@.........
......##..............#+##
......................#
.#....................#
.#....................#
.###....................
## #####..###...........
####..........)........
##...................


You could see an adder.

Vanquished Creatures
  An adder (D:2)
  3 ball pythons
  3 endoplasms (D:1)
  A giant cockroach (D:1)
  2 hobgoblins
  A quokka (D:2)
  2 bats (D:1)
  A frilled lizard (D:1)
  6 kobolds
  3 rats
23 creatures vanquished.

Vanquished Creatures (others)
  60 plants (D:1)
60 creatures vanquished.

Grand Total: 83 creatures vanquished

Notes
Turn   | Place    | Note
-------+----------+-------------------------------------------
     0 | D:1      | ptdevnull the Hill Orc Monk began the quest for the Orb.
     0 | D:1      | Reached XP level 1. HP: 19/19 MP: 1/1
   266 | D:1      | Reached XP level 2. HP: 27/27 MP: 2/2
   672 | D:2      | Reached skill level 5 in Axes
   796 | D:2      | Reached XP level 3. HP: 15/33 MP: 3/3
  1004 | D:2      | Found a faded altar of an unknown god.
  1090 | D:2      | HP: 1/33 [poisoned by an adder]
  1091 | D:2      | Succumbed to an adder's poison

Illustrated notes

Levels and vault maps discovered:
D:1:      roderic_crop_circles_arrival_small, layout_basic
D:2:      layout_basic, shapermc_ecumenical_altar_petra, minmay_goblin_outpost

Skill      XL: |  1  2 |
---------------+-------+-----
Axes           | 5 |  5.5
Fighting       | |  3.7
Dodging        | |  2.4
Stealth        | |  1.6

Action                   || total
-------------------------++-------
Melee: Hand axe          ||    69
 Stab: Sleeping          ||     3
Armor: Robe              ||    15
Dodge: Dodged            ||    37

Table legend: (Time is in decaauts)
 A = Elapsed time spent in this place.
 B = Non-inter-level travel time spent in this place.
 C = Inter-level travel time spent in this place.
 D = Time resting spent in this place.
 E = Time spent auto-exploring this place.
 F = Levels seen in this place.
 G = Mean time per level.
                   A        B        C        D        E       F      G
               +--------+--------+--------+--------+--------+-----+--------+
         Total |   1093 |   1068 |     25 |    190 |    691 |   2 |  546.5 |
       Dungeon |   1093 |   1068 |     25 |    190 |    691 |   2 |  546.5 |
               +--------+--------+--------+--------+--------+-----+--------+

Top non-repeatable levels by time:
     D:1: 654 daAuts
     D:2: 439 daAuts
